 Dungeon Crawl Stone Soup version 0.20-a0-443-g0464b71 (webtiles) character file.

2908 terra53 the Carver (level 9, -14/68 HPs)
             Began as a Demonspawn Gladiator on Jan 7, 2017.
             Was a Follower of Okawaru.
             Demolished by a two-headed ogre
             ... wielding a +0 giant club
              (15 damage)
             ... on level 8 of the Dungeon.
             The game lasted 00:25:03 (7780 turns).

terra53 the Carver (Demonspawn Gladiator)           Turns: 7780, Time: 00:25:03

Health: -14/68     AC: 13    Str: 18    XL:     9   Next: 49%
Magic:  0/12       EV: 17    Int: 10    God:    Okawaru [*.....]
Gold:   388        SH:  0    Dex: 14    Spells: 11/12 levels left

rFire  . . .     SeeInvis +     J - +0 great sword (protect)
rCold  + . .     Gourm    .     b - +0 leather armour
rNeg   . . .     Faith    .     (shield currently unavailable)
rPois  .         Spirit   +     c - +2 helmet
rElec  .         Reflect  .     (no cloak)
rCorr  .         Harm     +     (no gloves)
MR     .....                    (no boots)
Stlth  ++........               w - amulet of harm
                                C - ring of see invisible
                                B - ring of protection from cold

@: protection aura
A: repulsion field 2, magic shield, magic regeneration
a: Heroism, Renounce Religion


You were on level 8 of the Dungeon.
You worshipped Okawaru.
Okawaru was aware of your devotion.
You were not hungry.

You visited 2 branches of the dungeon, and saw 9 of its levels.

You collected 388 gold pieces.

Inventory:

Hand Weapons
 a - a +0 long sword
 E - a +2 scimitar
 J - a +0 great sword of protection (weapon)
 R - a +0 shortbow
Missiles
 d - 2 throwing nets
 g - 111 arrows
 m - 190 stones
 n - 5 needles of confusion
 x - 8 tomahawks (quivered)
Armour
 b - a +0 leather armour (worn)
 c - a +2 helmet (worn)
Jewellery
 w - an amulet of harm (around neck)
 B - a ring of protection from cold (left hand)
 C - a ring of see invisible (right hand)
 O - a +4 ring of strength {unknown}
 Q - an uncursed amulet of the gourmand {unknown}
Wands
 h - a wand of clouds (2/9)
 y - a wand of polymorph (19/24)
 A - a wand of lightning (4/15)
 K - a wand of disintegration (3/24)
Scrolls
 i - 2 scrolls of amnesia {unknown}
 j - 2 scrolls of fear {unknown}
 k - a scroll of recharging
 l - a scroll of blinking
 s - 2 scrolls of enchant armour
 t - 3 scrolls of identify
 F - 2 scrolls of remove curse
 N - a scroll of teleportation {unknown}
Potions
 e - 3 potions of curing
 p - a potion of haste
 r - a potion of mutation
 u - 3 potions of lignification
 v - 2 potions of berserk rage
 D - a potion of heal wounds {unknown}
 H - a potion of invisibility {unknown}
 L - a potion of might {unknown}
 M - a potion of degeneration {unknown}
 P - a potion of cancellation {unknown}
Books
 I - a book of Flames

   Spells                             Type                      Level
   a - Flame Tongue                   Conjuration/Fire             1
   b - Throw Flame                    Conjuration/Fire             2
   c - Conjure Flame                  Conjuration/Fire             3
   d - Inner Flame                    Hexes/Fire                   3
   e - Sticky Flame                   Conjuration/Fire             4
   f - Fireball                       Conjuration/Fire             5
Comestibles
 f - 4 bread rations
 q - 6 meat rations
 z - 2 slices of pizza
 G - a beef jerky


   Skills:
 + Level 5.3 Fighting
 + Level 8.2 Long Blades
 + Level 1.0 Bows
 - Level 2.2 Throwing
 + Level 3.7 Armour
 + Level 4.8 Dodging
 + Level 1.8 Stealth
 + Level 2.2 Spellcasting
 + Level 2.8 Conjurations
 + Level 2.7 Fire Magic
 + Level 0.8 Evocations


You had 11 spell levels left.
You knew the following spells:

 Your Spells              Type           Power        Failure   Level  Hunger
a - Flame Tongue          Conj/Fire      #....        14%         1    ##.....


Dungeon Overview and Level Annotations

Branches:
Dungeon (8/15)             Temple (1/1) D:7
   Lair: D:8-11

Altars:
Dithmenos
Gozag
Hepliaklqana
Makhleb
Okawaru
Uskayaw
Xom
The Shining One

Annotations:
D:3 Jessica; jejorda2's ghost, amateur HaHu


Innate Abilities, Weirdness & Mutations

You are surrounded by a moderate repulsion field. (EV +3)
When hurt, damage is shared between your health and your magic reserves.
You regenerate magic rapidly.


Message History

You hear a shout!
The two-headed ogre barely misses you.
The two-headed ogre hits you with a giant club!
The orc warrior hits you but does no damage.
You barely miss the two-headed ogre.
The two-headed ogre is heavily wounded.
The two-headed ogre hits you with a giant club!
The two-headed ogre hits you with a giant club!!
* * * LOW HITPOINT WARNING * * *
The orc warrior hits you but does no damage.
You hit the two-headed ogre.
The two-headed ogre is severely wounded.
The two-headed ogre hits you with a giant club.
* * * LOW HITPOINT WARNING * * *
The two-headed ogre barely misses you. The orc warrior barely misses you.
An orc priest comes into view. It is wielding a club.
You barely miss the two-headed ogre.
The two-headed ogre is severely wounded.
The two-headed ogre hits you with a giant club!
You die...

# ### . ..#
#.#.# #.#.#
#.#.######.#
#..........#
#...@O......
#.....#.########
##### #o#
oo....oo#
#########


You could see a two-headed ogre, an orc warrior, an orc priest and an orc.

Vanquished Creatures
  A hornet (D:7)
  A hungry ghost (D:7)
  An orc warrior (D:7)
  2 phantoms
  A boggart (D:6)
  A centaur (D:7)
  3 bullfrogs
  A gnoll sergeant (D:7)
  2 scorpions
  9 killer bees
  13 wights
  2 crimson imps
  A quasit (D:7)
  2 hounds (D:5)
  An orc priest (D:6)
  4 iguanas
  Ijyb (D:2)
  Natasha (D:3)
  2 orc wizards
  4 worker ants (D:4)
  5 hound zombies
  3 hound skeletons
  A howler monkey zombie (D:4)
  4 worker ant zombies
  3 gnolls (D:7)
  9 adders
  A shadow imp (D:5)
  2 dart slugs
  3 leopard geckos
  11 orcs
  7 bats
  11 giant cockroaches
  9 goblins
  A hobgoblin (D:2)
  11 jackals
  3 quokkas
  2 ball pythons
  A ball python zombie (D:6)
  6 frilled lizards
  4 kobolds
  4 leopard gecko zombies (D:4)
  A quokka skeleton (D:4)
  A quokka zombie (D:4)
  7 rats
163 creatures vanquished.

Notes
Turn   | Place    | Note
-------+----------+-------------------------------------------
     0 | D:1      | terra53 the Demonspawn Gladiator began the quest for the Orb.
     0 | D:1      | Reached XP level 1. HP: 16/16 MP: 1/1
   197 | D:1      | Gained mutation: You are surrounded by a mild repulsion field. (EV +2) [demonic ancestry]
   197 | D:1      | Reached XP level 2. HP: 22/22 MP: 2/2
   603 | D:1      | Reached skill level 3 in Long Blades
   984 | D:2      | Noticed Ijyb
  1004 | D:2      | Killed Ijyb
  1004 | D:2      | Reached XP level 3. HP: 14/27 MP: 3/3
  1466 | D:2      | Gained mutation: When hurt, damage is shared between your health and your magic reserves. [demonic ancestry]
  1466 | D:2      | Reached XP level 4. HP: 29/33 MP: 4/4
  1550 | D:2      | Found a shimmering altar of Xom.
  1563 | D:2      | Found a burning altar of Makhleb.
  1563 | D:2      | Found a hide-covered altar of Uskayaw.
  1565 | D:2      | Found a stormy altar of Qazlal.
  1565 | D:2      | Found a stormy altar of Qazlal.
  1565 | D:2      | Found a shadowy altar of Dithmenos.
  1624 | D:2      | Reached skill level 1 in Armour
  2271 | D:3      | Noticed Jessica
  2313 | D:3      | Noticed Natasha
  2319 | D:3      | Killed Natasha
  2541 | D:3      | Noticed jejorda2's ghost (amateur HaHu)
  2541 | D:3      | Reached XP level 5. HP: 39/39 MP: 5/5
  2610 | D:4      | Reached skill level 4 in Long Blades
  2990 | D:4      | Reached XP level 6. HP: 28/46 MP: 4/6
  3509 | D:4      | Reached skill level 5 in Long Blades
  3557 | D:4      | Reached XP level 7. HP: 27/52 MP: 3/7
  3715 | D:4      | Found a hide-covered altar of Uskayaw.
  3982 | D:5      | Entered Level 5 of the Dungeon
  4390 | D:5      | Reached skill level 6 in Long Blades
  4522 | D:5      | Found a shadowy altar of Dithmenos.
  4527 | D:5      | Reached skill level 1 in Stealth
  5026 | D:6      | Learned a level 1 spell: Flame Tongue
  5026 | D:6      | Noticed Edmund
  5027 | D:6      | Noticed Edmund
  5027 | D:6      | Edmund changed into Edmund the boggart
  5050 | D:6      | Killed Edmund the boggart
  5050 | D:6      | Gained mutation: You regenerate magic rapidly. [demonic ancestry]
  5050 | D:6      | Reached XP level 8. HP: 27/60 MP: 3/8
  5859 | D:6      | Reached skill level 1 in Conjurations
  5859 | D:6      | Reached skill level 1 in Fire Magic
  6093 | D:7      | Reached skill level 1 in Spellcasting
  6093 | D:7      | Reached skill level 7 in Long Blades
  6253 | D:7      | Found a staircase to the Ecumenical Temple.
  6262 | Temple   | Entered the Ecumenical Temple
  6269 | Temple   | Became a worshipper of Warmaster Okawaru
  6794 | D:7      | Noticed a hornet
  6883 | D:7      | Killed a hornet
  6883 | D:7      | Gained mutation: You are surrounded by a moderate repulsion field. (EV +3) [demonic ancestry]
  6883 | D:7      | Reached XP level 9. HP: 60/67 MP: 4/11
  6937 | D:7      | Reached * piety under Okawaru
  7182 | D:7      | Reached skill level 5 in Fighting
  7341 | D:7      | Reached skill level 8 in Long Blades
  7524 | D:7      | Reached skill level 1 in Bows
  7771 | D:8      | Noticed a two-headed ogre
  7779 | D:8      | HP: 1/68 [two-headed ogre/giant club (5)]
  7780 | D:8      | Demolished by a two-headed ogre

Vault maps used:
D:1:      elethiomel_arrival_fortress_basement, hex_tiny, minmay_cut_off
D:2:      doesnt_xom_only_xom, uniq_iyjb
D:3:      nrook_loot_triangle, uniq_jessica, uniq_natasha
D:4:      lemuel_doored_altar, serial_undead, serial_undead_b, serial_undead_c,
          serial_undead_f, serial_undead_c, serial_undead_e, serial_undead_e,
          first_bread, minmay_item_behind_shaft
D:5:      nicolae_overflow_hidden_temple, lemuel_round_altar
D:6:      supply_closet_lemuel, uniq_edmund
D:8:      lightli_ossuary_entry_decrepit_ruins, basic_altar
Temple:   eino_temple_rhombus

Skill      XL: |  1  2  3  4  5  6  7  8  9 |
---------------+----------------------------+-----
Throwing       | 2 |  2.2
Long Blades    | 3 4 5 6 7 8 |  8.2
Dodging        | 3 4 |  4.8
Armour         | 1 2 3 |  3.7
Fighting       | 3 4 5 |  5.3
Stealth        | 1 |  1.8
Conjurations   | 2 |  2.8
Fire Magic     | 2 |  2.7
Spellcasting   | 1 2 |  2.2
Bows           | 1 |  1.0
Evocations     | |  0.8

Action                   |  1- 3 |  4- 6 |  7- 9 || total
-------------------------+-------+-------+-------++-------
Melee: Long sword        |   105 |   164 |       ||   269
       Scimitar          |       |       |   145 ||   145
       Great sword       |       |       |   106 ||   106
 Fire: Shortbow          |       |       |    18 ||    18
Throw: Stone             |    21 |    15 |       ||    36
       Throwing net      |     2 |       |       ||     2
       Tomahawk          |       |     9 |     4 ||    13
 Cast: Flame Tongue      |       |       |    38 ||    38
Evoke: Wand              |       |     1 |     5 ||     6
  Use: Scroll            |       |     7 |     6 ||    13
       Potion            |       |       |     1 ||     1
 Stab: Held in net/web   |     2 |       |       ||     2
  Eat: Chunk             |     2 |     7 |    15 ||    24
       Fruit             |       |       |     4 ||     4
Armor: Leather armour    |    29 |    43 |    63 ||   135
       Scale mail        |       |       |    19 ||    19
Dodge: Dodged            |    97 |   151 |   285 ||   533
       Rpst.: Long sword |    33 |    52 |       ||    85
       Scimitar          |       |       |    49 ||    49
       Great sword       |       |       |    42 ||    42
